Flyers vs Blue Jackets
Created - March 13, 2022 at 00:25
Goals
|
| Flyers |
0 |
0 |
2 |
0 |
2 |
| Blue Jackets |
1 |
1 |
0 |
1 |
3 |
|
Shots
|
| Flyers |
8 |
9 |
15 |
0 |
32 |
| Blue Jackets |
16 |
11 |
7 |
1 |
35 |
|
1st period
1. Blue Jackets , Artemi Panarin 15 (Ryan Wilson 1, Rickard Rakell 15) at 6:54
Penalties :
Henrik Sedin (Clb) for Tripping (Minor) at 19:20
2nd period
2. Blue Jackets , Tyler Seguin 23 (Artemi Panarin 24) at 15:24
Penalties :
Brock Nelson (Phi) for Tripping (Minor) at 5:42, Matt Smaby (Phi) for Hooking (Minor) at 11:02
3rd period
3. Flyers , Jakub Voracek 23 (Jordan Nolan 29) at 8:47
4. Flyers , Drew Miller 10 (Niclas Bergfors 11, Jeff Carter 12) at 9:28 (PP)
Penalties :
Marcus Kruger (Phi) for Hooking (Minor) at 1:12, Matt Smaby (Phi) for Hooking (Minor) at 4:20, Mike Lundin (Clb) for High sticking (Minor) at 8:50, Matt Smaby (Phi) for Holding (Minor) at 11:58, Tyler Kennedy (Clb) for Holding (Minor) at 14:49
Overtime #1
5. Blue Jackets , Tyler Seguin 24 (Artemi Panarin 25, Cam Fowler 17) at 0:14
Penalties :
No Penalty
Goalie Stats
Ilya Sorokin (Phi), 32 saves from 35 shots - (0.914), OTL, 7-6-4, 60:14 minutes
Rick DiPietro (Clb), 30 saves from 32 shots - (0.938), W, 7-13-5, 60:14 minutes
Players Stats for Flyers
Player Name G A P +/- PIM S H SB GA TA FO MP PP MP PK MP
------------------------------------------------------------------------------------
Brian Lashoff 0 0 0 0 0 0 0 0 0 0 0/0 13:15 0:00 2:50
Brock Nelson 0 0 0 0 2 2 0 0 1 0 0/1 7:16 0:00 0:31
Chris Mcallister 0 0 0 -1 0 4 2 0 0 0 0/0 13:22 0:00 2:12
Drew Miller 1 0 1 -1 0 5 0 0 1 0 0/0 14:50 2:03 0:22
J.T. Miller 0 0 0 0 0 1 1 1 0 0 2/10 23:05 2:33 5:15
Jacob Trouba 0 0 0 -3 0 1 2 1 0 1 0/0 30:02 3:10 5:31
Jakub Voracek 1 0 1 1 0 5 2 1 1 1 0/1 20:27 2:33 2:47
Jeff Carter 0 1 1 -1 0 2 2 0 0 0 8/16 18:04 2:03 3:20
Jeff Woywitka 0 0 0 -3 0 1 2 1 0 1 0/0 30:02 3:10 5:31
Jonathan Ericsson 0 0 0 0 0 0 1 1 0 1 0/0 10:00 0:00 0:00
Jordan Nolan 0 1 1 0 0 3 2 2 0 1 10/26 23:24 2:33 5:23
Marcus Kruger 0 0 0 -1 2 3 0 0 2 0 0/1 11:11 0:00 0:00
Matt Smaby 0 0 0 1 6 0 2 0 0 0 0/0 17:20 1:26 1:34
Matthew Lombardi 0 0 0 0 0 2 1 0 0 0 1/2 6:24 0:00 0:00
Nathan Beaulieu 0 0 0 1 0 0 0 1 0 1 0/0 20:12 1:26 4:24
Niclas Bergfors 0 1 1 -1 0 1 0 1 1 0 1/1 14:28 2:03 0:00
Travis Zajac 0 0 0 -1 0 1 0 0 0 1 4/7 11:10 0:00 0:00
Tyler Randell 0 0 0 0 0 1 0 0 0 0 0/0 6:24 0:00 0:00
Players Stats for Blue Jackets
Player Name G A P +/- PIM S H SB GA TA FO MP PP MP PK MP
------------------------------------------------------------------------------------
Artemi Panarin 1 2 3 3 0 6 2 1 3 0 2/2 24:52 5:17 3:21
Bobby Ryan 0 0 0 1 0 1 1 0 0 1 1/2 20:02 5:14 0:50
Brandon Bollig 0 0 0 0 0 2 0 0 1 0 1/2 20:17 4:38 0:25
Cam Fowler 0 1 1 1 0 0 3 1 0 1 0/0 28:18 5:56 3:26
Dennis Wideman 0 0 0 1 0 1 1 1 0 1 0/0 21:28 3:59 1:10
Devin Setoguchi 0 0 0 1 0 1 0 0 0 0 0/0 3:01 0:00 0:00
Henrik Sedin 0 0 0 0 2 1 1 0 0 1 4/14 20:10 4:38 0:44
Martin Havlat 0 0 0 0 0 0 0 0 0 0 0/0 0:58 0:03 0:00
Matt Calvert 0 0 0 -1 0 0 0 0 1 0 0/0 13:17 0:00 0:00
Mike Lundin 0 0 0 1 2 2 1 0 1 1 0/0 27:39 5:56 2:48
Rickard Rakell 0 1 1 0 0 4 2 0 0 0 0/0 19:35 4:38 0:00
Rob Scuderi 0 0 0 1 0 0 1 0 0 0 0/0 21:28 3:59 1:10
Ryan Wilson 0 1 1 0 0 1 2 0 0 0 0/0 10:28 0:00 0:00
Shea Theodore 0 0 0 0 0 1 1 0 0 0 0/0 11:06 0:00 0:38
T.J. Oshie 0 0 0 0 0 0 0 0 0 0 0/0 1:29 0:03 0:00
Tim Connolly 0 0 0 -1 0 3 0 0 0 1 5/9 13:29 0:00 0:02
Tyler Kennedy 0 0 0 -1 2 3 0 1 1 0 0/0 14:04 0:00 0:29
Tyler Seguin 2 0 2 3 0 9 1 0 0 0 26/36 24:36 5:14 3:21
3 Stars
1 - Artemi Panarin (Clb)
2 - Tyler Seguin (Clb)
3 - Jakub Voracek (Phi)
Power Play
Flyers - 1 on 3 Attempt(s) - 33.33%
Blue Jackets - 0 on 5 Attempt(s) - 0.00%
Penalty Kill
Flyers - 5 on 5 Attempt(s) - 100.00%
- Score 0 goal in Penalty Kill
Blue Jackets - 2 on 3 Attempt(s) - 66.67%
- Score 0 goal in Penalty Kill
Team Stat
Flyers - Hits : 17 - Faceoff Wins : 26 - Blocked Shots : 9 - Penalty Minutes : 10
Blue Jackets - Hits : 16 - Faceoff Wins : 39 - Blocked Shots : 4 - Penalty Minutes : 6
Official
Referees : Mitch Dunning and Garrett Rank
Linesman : Vaughan Rody and Ryan Galloway
Game Notes
No Game Note
Finance
Level 1 -- Attendance: 5824 (97.07%) -- Ticket Income $582,400
Level 2 -- Attendance: 4484 (89.68%) -- Ticket Income $269,040
Level 3 -- Attendance: 2000 (100.00%) -- Ticket Income $70,000
Level 4 -- Attendance: 3897 (97.43%) -- Ticket Income $97,425
Luxury Box -- Attendance: 1000 (100.00%) -- Ticket Income $200,000
Game was played at the Nationwide arena.
Total Attendance: 17205 (95.58%)
Total Ticket Income: $1,218,865
Other Income: $182,830
Total Income: $1,401,695
Flyers
5 vs 5 Forward
Center Left Wing Right Wing Time % Phy DF OF
1 Jordan Nolan J.T. Miller Jakub Voracek 40 1 2 2
2 Jeff Carter Drew Miller Niclas Bergfors 30 1 2 2
3 Travis Zajac Chris Mcallister Marcus Kruger 20 1 2 2
4 Matthew Lombardi Brock Nelson Tyler Randell 10 1 2 2
5 vs 5 Defense
Defense Defense Time % Phy DF OF
1 Jacob Trouba Jeff Woywitka 40 1 2 2
2 Matt Smaby Nathan Beaulieu 30 1 2 2
3 Jonathan Ericsson Brian Lashoff 20 1 2 2
4 Jacob Trouba Jeff Woywitka 10 1 2 2
PowerPlay Forward
Center Left Wing Right Wing Time % Phy DF OF
1 Jordan Nolan J.T. Miller Jakub Voracek 60 1 2 2
2 Jeff Carter Drew Miller Niclas Bergfors 40 1 2 2
PowerPlay Defense
Defense Defense Time % Phy DF OF
1 Jacob Trouba Jeff Woywitka 60 1 2 2
2 Matt Smaby Nathan Beaulieu 40 1 2 2
Penalty Kill 4 Players Forward
Center Wing Time % Phy DF OF
1 J.T. Miller Jordan Nolan 60 1 2 2
2 Jeff Carter Jakub Voracek 40 1 2 2
Penalty Kill 4 Players Defense
Defense Defense Time % Phy DF OF
1 Jacob Trouba Jeff Woywitka 60 1 2 2
2 Matt Smaby Nathan Beaulieu 40 1 2 2
Penalty Kill - 3 Players Forward
Forward Time % Phy DF OF
1 J.T. Miller 60 1 2 2
2 Jordan Nolan 40 1 2 2
Penalty Kill - 3 Players Defense
Defense Defense Time % Phy DF OF
1 Jacob Trouba Jeff Woywitka 60 1 2 2
2 Matt Smaby Nathan Beaulieu 40 1 2 2
4 vs 4 Forward
Center Wing Time % Phy DF OF
1 J.T. Miller Jordan Nolan 60 1 2 2
2 Jeff Carter Jakub Voracek 40 1 2 2
4 vs 4 Defense
Defense Defense Time % Phy DF OF
1 Jacob Trouba Jeff Woywitka 60 1 2 2
2 Matt Smaby Nathan Beaulieu 40 1 2 2
Last Minutes Offensive
Center Left Wing Right Wing Defense Defense
Jordan Nolan J.T. Miller Jakub Voracek Jacob Trouba Jeff Woywitka
Last Minutes Defensive
Center Left Wing Right Wing Defense Defense
Jordan Nolan J.T. Miller Jakub Voracek Jacob Trouba Jeff Woywitka
Goaltenders
Starting : Ilya Sorokin
Backup : Steve Mason
Extra Forwards
Normal : Travis Zajac, Marcus Kruger, Chris Mcallister - PP : Travis Zajac, Marcus Kruger - PK : Chris Mcallister
Extra Defensemen
Normal : Jonathan Ericsson, Brian Lashoff, Matt Smaby - PP : Jonathan Ericsson - PK : Brian Lashoff, Matt Smaby
Penalty Shots
J.T. Miller, Jordan Nolan, Jeff Carter, Jakub Voracek, Drew Miller
Scratches
Dylan Olsen (Healthy), Tomas Kubalik (Healthy)
Blue Jackets
5 vs 5 Forward
Center Left Wing Right Wing Time % Phy DF OF
1 Tyler Seguin Artemi Panarin Bobby Ryan 40 1 2 2
2 Henrik Sedin Brandon Bollig Rickard Rakell 30 1 2 2
3 Tim Connolly Matt Calvert Tyler Kennedy 20 1 2 2
4 Tyler Seguin Artemi Panarin Devin Setoguchi 10 1 2 2
5 vs 5 Defense
Defense Defense Time % Phy DF OF
1 Mike Lundin Cam Fowler 40 1 2 2
2 Rob Scuderi Dennis Wideman 30 1 2 2
3 Ryan Wilson Shea Theodore 20 1 2 2
4 Mike Lundin Cam Fowler 10 1 2 2
PowerPlay Forward
Center Left Wing Right Wing Time % Phy DF OF
1 Tyler Seguin Artemi Panarin Bobby Ryan 60 1 2 2
2 Henrik Sedin Brandon Bollig Rickard Rakell 40 1 2 2
PowerPlay Defense
Defense Defense Time % Phy DF OF
1 Mike Lundin Cam Fowler 60 1 2 2
2 Rob Scuderi Dennis Wideman 40 1 2 2
Penalty Kill 4 Players Forward
Center Wing Time % Phy DF OF
1 Tyler Seguin Artemi Panarin 60 1 2 2
2 Henrik Sedin Bobby Ryan 40 1 2 2
Penalty Kill 4 Players Defense
Defense Defense Time % Phy DF OF
1 Mike Lundin Cam Fowler 60 1 2 2
2 Rob Scuderi Dennis Wideman 40 1 2 2
Penalty Kill - 3 Players Forward
Forward Time % Phy DF OF
1 Tyler Seguin 60 1 2 2
2 Artemi Panarin 40 1 2 2
Penalty Kill - 3 Players Defense
Defense Defense Time % Phy DF OF
1 Mike Lundin Cam Fowler 60 1 2 2
2 Rob Scuderi Dennis Wideman 40 1 2 2
4 vs 4 Forward
Center Wing Time % Phy DF OF
1 Tyler Seguin Artemi Panarin 60 1 2 2
2 Henrik Sedin Bobby Ryan 40 1 2 2
4 vs 4 Defense
Defense Defense Time % Phy DF OF
1 Mike Lundin Cam Fowler 60 1 2 2
2 Rob Scuderi Dennis Wideman 40 1 2 2
Last Minutes Offensive
Center Left Wing Right Wing Defense Defense
Tyler Seguin Artemi Panarin Bobby Ryan Mike Lundin Cam Fowler
Last Minutes Defensive
Center Left Wing Right Wing Defense Defense
Tyler Seguin Artemi Panarin Bobby Ryan Mike Lundin Cam Fowler
Goaltenders
Starting : Rick DiPietro
Backup : Jonas Gustavsson
Extra Forwards
Normal : T.J. Oshie, Martin Havlat, Tyler Kennedy - PP : T.J. Oshie, Martin Havlat - PK : Tyler Kennedy
Extra Defensemen
Normal : Ryan Wilson, Shea Theodore, Rob Scuderi - PP : Ryan Wilson - PK : Shea Theodore, Rob Scuderi
Penalty Shots
Tyler Seguin, Artemi Panarin, Henrik Sedin, Bobby Ryan, Rickard Rakell
Scratches
Andreas Nodl (Healthy), Colton Parayko (Facial Surgery Injury), Emerson Etem (Fractured Left Foot Injury), Kevin Porter (Healthy), Zac Dalpe (Torso Injury)
% Time on Ice - Flyers
Lines # - Real PCT - Wanted PCT - Time Play
Normal Forward
1 - 33% - 40% - 15:03
2 - 29% - 30% - 12:58
3 - 24% - 20% - 11:04
4 - 14% - 10% - 6:24
Normal Defense
1 - 43% - 40% - 19:27
2 - 32% - 30% - 14:22
3 - 22% - 20% - 10:00
4 - 4% - 10% - 1:40
PP Forward
1 - 55% - 60% - 2:33
2 - 45% - 40% - 2:03
PP Defense
1 - 69% - 60% - 3:10
2 - 31% - 40% - 1:26
PK Forward
1 - 72% - 60% - 7:08
2 - 28% - 40% - 2:47
PK Defense
1 - 56% - 60% - 5:31
2 - 44% - 40% - 4:24
PK3 Forward
1 - 0% - 60%
2 - 0% - 40%
PK3 Defense
1 - 0% - 60%
2 - 0% - 40%
44 Forward
1 - 100% - 60% - 0:14
2 - 0% - 40% - 0:00
44 Defense
1 - 100% - 60% - 0:14
2 - 0% - 40% - 0:00
Last Minute Offensive - 0:00
Last Minute Defensive - 0:00
Total
Forward - 60:14
Defense - 60:14
|
% Time on Ice - Blue Jackets
Lines # - Real PCT - Wanted PCT - Time Play
Normal Forward
1 - 32% - 40% - 14:33
2 - 33% - 30% - 14:57
3 - 29% - 20% - 13:17
4 - 6% - 10% - 2:42
Normal Defense
1 - 39% - 40% - 17:39
2 - 36% - 30% - 16:19
3 - 23% - 20% - 10:28
4 - 2% - 10% - 1:03
PP Forward
1 - 53% - 60% - 5:17
2 - 47% - 40% - 4:38
PP Defense
1 - 60% - 60% - 5:56
2 - 40% - 40% - 3:59
PK Forward
1 - 82% - 60% - 3:46
2 - 18% - 40% - 0:50
PK Defense
1 - 75% - 60% - 3:26
2 - 25% - 40% - 1:10
PK3 Forward
1 - 0% - 60%
2 - 0% - 40%
PK3 Defense
1 - 0% - 60%
2 - 0% - 40%
44 Forward
1 - 100% - 60% - 0:14
2 - 0% - 40% - 0:00
44 Defense
1 - 100% - 60% - 0:14
2 - 0% - 40% - 0:00
Last Minute Offensive - 0:00
Last Minute Defensive - 0:00
Total
Forward - 60:14
Defense - 60:14
|
Play-by-Play
1st period
0:01 of 1st period - Jordan Nolan wins face-off versus Tyler Seguin in neutral zone.
0:01 of 1st period - J.T. Miller is hit by Bobby Ryan and loses puck.
1:32 of 1st period - Snap shot by Jakub Voracek.
1:32 of 1st period - Stopped by Rick DiPietro without a rebound.
1:33 of 1st period - Henrik Sedin wins face-off versus J.T. Miller in Blue Jackets zone.
1:58 of 1st period - Wrist shot by Rickard Rakell.
1:58 of 1st period - Shot Blocked by Jonathan Ericsson.
2:15 of 1st period - Snap shot by Rickard Rakell.
2:15 of 1st period - Stopped by Ilya Sorokin with a rebound.
2:19 of 1st period - Slapshot by Rickard Rakell.
2:19 of 1st period - Stopped by Ilya Sorokin with a rebound.
2:21 of 1st period - Snap shot by Rickard Rakell.
2:21 of 1st period - Stopped by Ilya Sorokin without a rebound.
2:22 of 1st period - Tyler Seguin wins face-off versus Jeff Carter in Flyers zone.
2:25 of 1st period - Slapshot by Tyler Seguin.
2:25 of 1st period - Stopped by Ilya Sorokin without a rebound.
2:26 of 1st period - Tyler Seguin wins face-off versus Jeff Carter in Flyers zone.
2:27 of 1st period - Snap shot by Artemi Panarin.
2:27 of 1st period - Deflect By Tyler Seguin.
2:27 of 1st period - Stopped by Ilya Sorokin with a rebound.
2:29 of 1st period - Wrist shot by Mike Lundin.
2:29 of 1st period - Stopped by Ilya Sorokin without a rebound.
2:30 of 1st period - Tyler Seguin wins face-off versus Jeff Carter in Flyers zone.
2:31 of 1st period - Wrist shot by Artemi Panarin.
2:31 of 1st period - Shot Misses the Net.
2:33 of 1st period - Slapshot by Tyler Seguin.
2:33 of 1st period - Stopped by Ilya Sorokin without a rebound.
2:34 of 1st period - Tyler Seguin wins face-off versus Jeff Carter in Flyers zone.
3:18 of 1st period - Icing by Chris Mcallister.
3:19 of 1st period - Henrik Sedin wins face-off versus Jordan Nolan in Flyers zone.
3:32 of 1st period - Wrist shot by Brandon Bollig.
3:32 of 1st period - Stopped by Ilya Sorokin with a rebound.
3:34 of 1st period - Snap shot by Rob Scuderi.
3:34 of 1st period - Shot Blocked by Jakub Voracek.
3:58 of 1st period - Snap shot by Niclas Bergfors.
3:58 of 1st period - Stopped by Rick DiPietro with a rebound.
4:30 of 1st period - Icing by Dennis Wideman.
4:31 of 1st period - Matthew Lombardi wins face-off versus Henrik Sedin in Blue Jackets zone.
4:36 of 1st period - Slapshot by Brock Nelson.
4:36 of 1st period - Stopped by Rick DiPietro without a rebound.
4:37 of 1st period - Tyler Seguin wins face-off versus Jordan Nolan in Blue Jackets zone.
5:54 of 1st period - Snap shot by Tyler Seguin.
5:54 of 1st period - Stopped by Ilya Sorokin with a rebound.
6:11 of 1st period - Wrist shot by Jordan Nolan.
6:11 of 1st period - Shot Misses the Net.
6:52 of 1st period - Backhand shot by Ryan Wilson.
6:52 of 1st period - Stopped by Ilya Sorokin with a rebound.
6:54 of 1st period - Snap shot by Artemi Panarin.
6:54 of 1st period - Goal by Artemi Panarin - Flyers : 0 - Blue Jackets : 1.
6:55 of 1st period - Tyler Seguin wins face-off versus Jordan Nolan in neutral zone.
7:02 of 1st period - Snap shot by Bobby Ryan.
7:02 of 1st period - Stopped by Ilya Sorokin with a rebound.
7:04 of 1st period - Slapshot by Rob Scuderi.
7:04 of 1st period - Shot Blocked by Jacob Trouba.
7:06 of 1st period - Slapshot by Tyler Seguin.
7:06 of 1st period - Shot Misses the Net.
7:22 of 1st period - Matt Calvert is hit by Jacob Trouba.
7:48 of 1st period - Chris Mcallister is hit by Henrik Sedin and loses puck.
10:28 of 1st period - Snap shot by Jeff Carter.
10:28 of 1st period - Stopped by Rick DiPietro with a rebound.
11:00 of 1st period - J.T. Miller is hit by Ryan Wilson and loses puck.
11:41 of 1st period - Drew Miller is hit by Rob Scuderi.
11:49 of 1st period - Wrist shot by Drew Miller.
11:49 of 1st period - Stopped by Rick DiPietro without a rebound.
11:50 of 1st period - Henrik Sedin wins face-off versus Jordan Nolan in Blue Jackets zone.
12:21 of 1st period - Off-side.
12:22 of 1st period - Bobby Ryan wins face-off versus Jordan Nolan in neutral zone.
13:15 of 1st period - Slapshot by Tyler Kennedy.
13:15 of 1st period - Deflect By Tim Connolly.
13:15 of 1st period - Stopped by Ilya Sorokin without a rebound.
13:16 of 1st period - Tim Connolly wins face-off versus Jordan Nolan in Flyers zone.
13:23 of 1st period - Slapshot by Tyler Kennedy.
13:23 of 1st period - Stopped by Ilya Sorokin with a rebound.
13:25 of 1st period - Snap shot by Tim Connolly.
13:25 of 1st period - Shot Misses the Net.
13:27 of 1st period - Snap shot by Tim Connolly.
13:27 of 1st period - Shot Misses the Net.
14:04 of 1st period - Slapshot by Chris Mcallister.
14:04 of 1st period - Stopped by Rick DiPietro without a rebound.
14:05 of 1st period - Travis Zajac wins face-off versus Tyler Seguin in Blue Jackets zone.
14:29 of 1st period - Jeff Woywitka is hit by Tyler Seguin and loses puck.
14:56 of 1st period - Snap shot by Marcus Kruger.
14:56 of 1st period - Stopped by Rick DiPietro with a rebound.
15:40 of 1st period - Wrist shot by Tyler Seguin.
15:40 of 1st period - Stopped by Ilya Sorokin without a rebound.
15:41 of 1st period - Jordan Nolan wins face-off versus Henrik Sedin in Flyers zone.
17:36 of 1st period - Icing by Mike Lundin.
17:37 of 1st period - Tim Connolly wins face-off versus Jeff Carter in Blue Jackets zone.
18:28 of 1st period - Snap shot by Rickard Rakell.
18:28 of 1st period - Stopped by Ilya Sorokin without a rebound.
18:29 of 1st period - Jeff Carter wins face-off versus Henrik Sedin in Flyers zone.
18:52 of 1st period - Slapshot by Mike Lundin.
18:52 of 1st period - Shot Misses the Net.
19:01 of 1st period - Slapshot by Drew Miller.
19:01 of 1st period - Stopped by Rick DiPietro without a rebound.
19:02 of 1st period - Jordan Nolan wins face-off versus Henrik Sedin in Blue Jackets zone.
19:20 of 1st period - Minor Penalty to Henrik Sedin for Tripping.
19:21 of 1st period - Jordan Nolan wins face-off versus Tyler Seguin in Blue Jackets zone.
Goals for this period are 0 for Flyers vs 1 for Blue Jackets.
Shots for this period are 8 for Flyers vs 16 for Blue Jackets.
2nd period
0:01 of 2nd period - Jordan Nolan wins face-off versus Tyler Seguin in neutral zone.
0:04 of 2nd period - Snap shot by Jordan Nolan.
0:04 of 2nd period - Shot Misses the Net.
0:40 of 2nd period - Snap shot by Drew Miller.
0:40 of 2nd period - Shot Blocked by Tyler Kennedy.
1:20 of 2nd period - Penalty to Henrik Sedin is over, Henrik Sedin is back on ice.
1:24 of 2nd period - Tim Connolly is hit by Jordan Nolan and loses puck.
1:34 of 2nd period - Icing by Henrik Sedin.
1:35 of 2nd period - Travis Zajac wins face-off versus Brandon Bollig in Blue Jackets zone.
1:46 of 2nd period - Snap shot by Travis Zajac.
1:46 of 2nd period - Deflect By Marcus Kruger.
1:46 of 2nd period - Shot Misses the Net.
1:46 of 2nd period - Puck is out of play.
1:47 of 2nd period - Niclas Bergfors wins face-off versus Tyler Seguin in Blue Jackets zone.
2:02 of 2nd period - Jeff Woywitka is hit by Cam Fowler and loses puck.
2:41 of 2nd period - Wrist shot by Brock Nelson.
2:41 of 2nd period - Shot Misses the Net.
2:43 of 2nd period - Snap shot by Jeff Woywitka.
2:43 of 2nd period - Stopped by Rick DiPietro with a rebound.
2:45 of 2nd period - Slapshot by Jacob Trouba.
2:45 of 2nd period - Stopped by Rick DiPietro without a rebound.
2:46 of 2nd period - Tyler Seguin wins face-off versus Jordan Nolan in Blue Jackets zone.
3:25 of 2nd period - Backhand shot by Dennis Wideman.
3:25 of 2nd period - Stopped by Ilya Sorokin with a rebound.
3:39 of 2nd period - Cam Fowler is hit by Jonathan Ericsson and loses puck.
3:48 of 2nd period - Wrist shot by Drew Miller.
3:48 of 2nd period - Stopped by Rick DiPietro with a rebound.
4:06 of 2nd period - Cam Fowler is hit by Jakub Voracek and loses puck.
4:29 of 2nd period - Snap shot by Henrik Sedin.
4:29 of 2nd period - Shot Misses the Net.
4:31 of 2nd period - Backhand shot by Brandon Bollig.
4:31 of 2nd period - Deflect By Travis Zajac.
4:31 of 2nd period - Shot Blocked by Jeff Woywitka.
4:31 of 2nd period - Puck is out of play.
4:32 of 2nd period - Henrik Sedin wins face-off versus Travis Zajac in Flyers zone.
4:39 of 2nd period - Wrist shot by Henrik Sedin.
4:39 of 2nd period - Shot Misses the Net.
4:41 of 2nd period - Wrist shot by Henrik Sedin.
4:41 of 2nd period - Shot Misses the Net.
4:43 of 2nd period - Slapshot by Shea Theodore.
4:43 of 2nd period - Shot Misses the Net.
4:45 of 2nd period - Snap shot by Brandon Bollig.
4:45 of 2nd period - Stopped by Ilya Sorokin without a rebound.
4:46 of 2nd period - Tyler Seguin wins face-off versus Jordan Nolan in Flyers zone.
4:55 of 2nd period - Backhand shot by Artemi Panarin.
4:55 of 2nd period - Stopped by Ilya Sorokin with a rebound.
4:57 of 2nd period - Snap shot by Bobby Ryan.
4:57 of 2nd period - Shot Misses the Net.
4:59 of 2nd period - Snap shot by Bobby Ryan.
4:59 of 2nd period - Shot Blocked by Jordan Nolan.
5:01 of 2nd period - Snap shot by Artemi Panarin.
5:01 of 2nd period - Shot Blocked by Jordan Nolan.
5:42 of 2nd period - Minor Penalty to Brock Nelson for Tripping.
5:43 of 2nd period - Tyler Seguin wins face-off versus J.T. Miller in Flyers zone.
6:23 of 2nd period - J.T. Miller is hit by Rickard Rakell and loses puck.
7:42 of 2nd period - Penalty to Brock Nelson is over, Brock Nelson is back on ice.
7:47 of 2nd period - Snap shot by Tim Connolly.
7:47 of 2nd period - Stopped by Ilya Sorokin with a rebound.
7:49 of 2nd period - Wrist shot by Matt Calvert.
7:49 of 2nd period - Shot Misses the Net.
7:51 of 2nd period - Slapshot by Tim Connolly.
7:51 of 2nd period - Shot Misses the Net.
7:53 of 2nd period - Slapshot by Shea Theodore.
7:53 of 2nd period - Stopped by Ilya Sorokin without a rebound.
7:54 of 2nd period - Jeff Carter wins face-off versus Tim Connolly in Flyers zone.
8:21 of 2nd period - Brock Nelson is hit by Artemi Panarin and loses puck.
9:16 of 2nd period - Brandon Bollig is hit by Jakub Voracek and loses puck.
9:29 of 2nd period - Ryan Wilson is hit by Chris Mcallister and loses puck.
9:52 of 2nd period - Wrist shot by Tyler Randell.
9:52 of 2nd period - Stopped by Rick DiPietro with a rebound.
9:54 of 2nd period - Snap shot by Brock Nelson.
9:54 of 2nd period - Shot Misses the Net.
10:09 of 2nd period - Icing by Nathan Beaulieu.
10:10 of 2nd period - Jeff Carter wins face-off versus Tim Connolly in Flyers zone.
10:17 of 2nd period - Wrist shot by Jakub Voracek.
10:17 of 2nd period - Shot Misses the Net.
10:48 of 2nd period - Snap shot by Artemi Panarin.
10:48 of 2nd period - Shot Blocked by Niclas Bergfors.
10:50 of 2nd period - Slapshot by Mike Lundin.
10:50 of 2nd period - Deflect By Drew Miller.
10:50 of 2nd period - Stopped by Ilya Sorokin without a rebound.
10:51 of 2nd period - Tyler Seguin wins face-off versus Marcus Kruger in Flyers zone.
11:00 of 2nd period - Slapshot by Artemi Panarin.
11:00 of 2nd period - Stopped by Ilya Sorokin with a rebound.
11:02 of 2nd period - Minor Penalty to Matt Smaby for Hooking.
11:03 of 2nd period - Tyler Seguin wins face-off versus J.T. Miller in Flyers zone.
12:50 of 2nd period - Artemi Panarin is hit by Jeff Woywitka and loses puck.
13:00 of 2nd period - Icing by Rob Scuderi.
13:01 of 2nd period - Jeff Carter wins face-off versus Tyler Seguin in Blue Jackets zone.
13:02 of 2nd period - Penalty to Matt Smaby is over, Matt Smaby is back on ice.
13:02 of 2nd period - Wrist shot by Jakub Voracek.
13:02 of 2nd period - Shot Misses the Net.
13:22 of 2nd period - Wrist shot by Jeff Carter.
13:22 of 2nd period - Stopped by Rick DiPietro with a rebound.
13:26 of 2nd period - Snap shot by Drew Miller.
13:26 of 2nd period - Stopped by Rick DiPietro without a rebound.
13:27 of 2nd period - Travis Zajac wins face-off versus Henrik Sedin in Blue Jackets zone.
13:34 of 2nd period - Wrist shot by Travis Zajac.
13:34 of 2nd period - Shot Blocked by Cam Fowler.
14:16 of 2nd period - Cam Fowler is hit by Matt Smaby and loses puck.
14:31 of 2nd period - Cam Fowler is hit by Matthew Lombardi and loses puck.
15:01 of 2nd period - Cam Fowler is hit by Jeff Woywitka and loses puck.
15:24 of 2nd period - Snap shot by Tyler Seguin.
15:24 of 2nd period - Goal by Tyler Seguin - Flyers : 0 - Blue Jackets : 2.
15:25 of 2nd period - Tyler Seguin wins face-off versus Jordan Nolan in neutral zone.
16:01 of 2nd period - Slapshot by Tyler Kennedy.
16:01 of 2nd period - Stopped by Ilya Sorokin without a rebound.
16:02 of 2nd period - Tyler Seguin wins face-off versus Jeff Carter in Flyers zone.
16:08 of 2nd period - Icing by Nathan Beaulieu.
16:09 of 2nd period - Jeff Carter wins face-off versus Tyler Seguin in Flyers zone.
16:09 of 2nd period - Jeff Carter is hit by Ryan Wilson.
16:16 of 2nd period - Off-side.
16:17 of 2nd period - Artemi Panarin wins face-off versus Jordan Nolan in neutral zone.
16:32 of 2nd period - Snap shot by Jordan Nolan.
16:32 of 2nd period - Stopped by Rick DiPietro with a rebound.
17:40 of 2nd period - J.T. Miller is hit by Artemi Panarin.
17:47 of 2nd period - Icing by Jordan Nolan.
17:48 of 2nd period - Brandon Bollig wins face-off versus Brock Nelson in Flyers zone.
17:56 of 2nd period - Off-side.
17:57 of 2nd period - Tyler Seguin wins face-off versus Jakub Voracek in neutral zone.
18:00 of 2nd period - Slapshot by Mike Lundin.
18:00 of 2nd period - Deflect By Artemi Panarin.
18:00 of 2nd period - Stopped by Ilya Sorokin without a rebound.
18:01 of 2nd period - Jordan Nolan wins face-off versus Tyler Seguin in Flyers zone.
18:14 of 2nd period - Snap shot by Tyler Seguin.
18:14 of 2nd period - Deflect By Artemi Panarin.
18:14 of 2nd period - Stopped by Ilya Sorokin without a rebound.
18:15 of 2nd period - Tyler Seguin wins face-off versus Jordan Nolan in Flyers zone.
19:07 of 2nd period - Snap shot by Travis Zajac.
19:07 of 2nd period - Stopped by Rick DiPietro with a rebound.
19:15 of 2nd period - Wrist shot by Marcus Kruger.
19:15 of 2nd period - Stopped by Rick DiPietro with a rebound.
19:31 of 2nd period - Wrist shot by Tyler Randell.
19:31 of 2nd period - Shot Blocked by Artemi Panarin.
19:45 of 2nd period - Rickard Rakell is hit by Jordan Nolan.
Goals for this period are 0 for Flyers vs 1 for Blue Jackets.
Shots for this period are 9 for Flyers vs 11 for Blue Jackets.
3rd period
0:01 of 3rd period - Tyler Seguin wins face-off versus Jordan Nolan in neutral zone.
0:06 of 3rd period - Jeff Woywitka is hit by Cam Fowler and loses puck.
1:12 of 3rd period - Minor Penalty to Marcus Kruger for Hooking.
1:13 of 3rd period - Tyler Seguin wins face-off versus J.T. Miller in Flyers zone.
1:23 of 3rd period - Wrist shot by Artemi Panarin.
1:23 of 3rd period - Stopped by Ilya Sorokin with a rebound.
1:48 of 3rd period - Icing by Rickard Rakell.
1:49 of 3rd period - Jeff Carter wins face-off versus Henrik Sedin in Blue Jackets zone.
2:00 of 3rd period - Wrist shot by Brandon Bollig.
2:00 of 3rd period - Shot Misses the Net.
2:16 of 3rd period - Jeff Carter is hit by Mike Lundin and loses puck.
2:51 of 3rd period - Icing by Henrik Sedin.
2:52 of 3rd period - Jeff Carter wins face-off versus Henrik Sedin in Blue Jackets zone.
3:12 of 3rd period - Penalty to Marcus Kruger is over, Marcus Kruger is back on ice.
3:17 of 3rd period - Slapshot by Matthew Lombardi.
3:17 of 3rd period - Stopped by Rick DiPietro with a rebound.
3:23 of 3rd period - Wrist shot by Matthew Lombardi.
3:23 of 3rd period - Stopped by Rick DiPietro with a rebound.
3:27 of 3rd period - Wrist shot by Brock Nelson.
3:27 of 3rd period - Stopped by Rick DiPietro without a rebound.
3:28 of 3rd period - J.T. Miller wins face-off versus Tyler Seguin in Blue Jackets zone.
3:39 of 3rd period - Snap shot by Jakub Voracek.
3:39 of 3rd period - Stopped by Rick DiPietro with a rebound.
3:59 of 3rd period - Snap shot by Chris Mcallister.
3:59 of 3rd period - Stopped by Rick DiPietro without a rebound.
4:00 of 3rd period - Tyler Seguin wins face-off versus Travis Zajac in Blue Jackets zone.
4:00 of 3rd period - Tyler Seguin is hit by Chris Mcallister.
4:10 of 3rd period - Wrist shot by Bobby Ryan.
4:10 of 3rd period - Shot Misses the Net.
4:12 of 3rd period - Wrist shot by Ryan Wilson.
4:12 of 3rd period - Shot Blocked by Nathan Beaulieu.
4:20 of 3rd period - Minor Penalty to Matt Smaby for Hooking.
4:21 of 3rd period - Artemi Panarin wins face-off versus J.T. Miller in Flyers zone.
4:24 of 3rd period - Snap shot by Tyler Seguin.
4:24 of 3rd period - Shot Misses the Net.
6:20 of 3rd period - Penalty to Matt Smaby is over, Matt Smaby is back on ice.
6:31 of 3rd period - Snap shot by Matthew Lombardi.
6:31 of 3rd period - Deflect By Tyler Randell.
6:31 of 3rd period - Shot Blocked by Dennis Wideman.
6:31 of 3rd period - Puck is out of play.
6:32 of 3rd period - Tim Connolly wins face-off versus Matthew Lombardi in Blue Jackets zone.
8:04 of 3rd period - Slapshot by Jacob Trouba.
8:04 of 3rd period - Shot Misses the Net.
8:06 of 3rd period - Slapshot by Jeff Woywitka.
8:06 of 3rd period - Shot Hit the Post.
8:08 of 3rd period - Snap shot by Chris Mcallister.
8:08 of 3rd period - Stopped by Rick DiPietro with a rebound.
8:27 of 3rd period - Wrist shot by Marcus Kruger.
8:27 of 3rd period - Stopped by Rick DiPietro with a rebound.
8:29 of 3rd period - Slapshot by Jeff Woywitka.
8:29 of 3rd period - Shot Misses the Net.
8:31 of 3rd period - Wrist shot by Chris Mcallister.
8:31 of 3rd period - Shot Misses the Net.
8:33 of 3rd period - Slapshot by Chris Mcallister.
8:33 of 3rd period - Stopped by Rick DiPietro without a rebound.
8:34 of 3rd period - Jordan Nolan wins face-off versus Tim Connolly in Blue Jackets zone.
8:41 of 3rd period - Snap shot by Jakub Voracek.
8:41 of 3rd period - Stopped by Rick DiPietro with a rebound.
8:43 of 3rd period - Snap shot by Jakub Voracek.
8:43 of 3rd period - Shot Misses the Net.
8:45 of 3rd period - Slapshot by Jordan Nolan.
8:45 of 3rd period - Stopped by Rick DiPietro with a rebound.
8:47 of 3rd period - Snap shot by Jakub Voracek.
8:47 of 3rd period - Goal by Jakub Voracek - Flyers : 1 - Blue Jackets : 2.
8:48 of 3rd period - Tyler Seguin wins face-off versus Jordan Nolan in neutral zone.
8:50 of 3rd period - Minor Penalty to Mike Lundin for High sticking.
8:51 of 3rd period - Tyler Seguin wins face-off versus Jordan Nolan in Blue Jackets zone.
9:01 of 3rd period - Wrist shot by Jakub Voracek.
9:01 of 3rd period - Stopped by Rick DiPietro with a rebound.
9:03 of 3rd period - Snap shot by J.T. Miller.
9:03 of 3rd period - Stopped by Rick DiPietro with a rebound.
9:17 of 3rd period - Artemi Panarin is hit by Jeff Carter and loses puck.
9:28 of 3rd period - Wrist shot by Drew Miller.
9:28 of 3rd period - Goal by Drew Miller - Flyers : 2 - Blue Jackets : 2.
9:29 of 3rd period - Jordan Nolan wins face-off versus Henrik Sedin in neutral zone.
9:38 of 3rd period - Wrist shot by Rickard Rakell.
9:38 of 3rd period - Deflect By Henrik Sedin.
9:38 of 3rd period - Stopped by Ilya Sorokin without a rebound.
9:39 of 3rd period - Jordan Nolan wins face-off versus Henrik Sedin in Flyers zone.
10:34 of 3rd period - Jacob Trouba is hit by Rickard Rakell.
10:44 of 3rd period - Snap shot by Jordan Nolan.
10:44 of 3rd period - Stopped by Rick DiPietro without a rebound.
10:45 of 3rd period - Tyler Seguin wins face-off versus Jeff Carter in Blue Jackets zone.
10:51 of 3rd period - Off-side.
10:52 of 3rd period - Jeff Carter wins face-off versus Bobby Ryan in neutral zone.
10:52 of 3rd period - Matt Smaby is hit by Dennis Wideman and loses puck.
11:22 of 3rd period - Snap shot by Tyler Seguin.
11:22 of 3rd period - Stopped by Ilya Sorokin without a rebound.
11:23 of 3rd period - Tim Connolly wins face-off versus Travis Zajac in Flyers zone.
11:30 of 3rd period - Slapshot by Tim Connolly.
11:30 of 3rd period - Stopped by Ilya Sorokin with a rebound.
11:40 of 3rd period - Wrist shot by Tyler Kennedy.
11:40 of 3rd period - Shot Misses the Net.
11:53 of 3rd period - Icing by Mike Lundin.
11:54 of 3rd period - Jordan Nolan wins face-off versus Henrik Sedin in Blue Jackets zone.
11:58 of 3rd period - Minor Penalty to Matt Smaby for Holding.
11:59 of 3rd period - Tyler Seguin wins face-off versus J.T. Miller in Flyers zone.
12:00 of 3rd period - Snap shot by Artemi Panarin.
12:00 of 3rd period - Deflect By Tyler Seguin.
12:00 of 3rd period - Shot Blocked by J.T. Miller.
12:00 of 3rd period - Puck is out of play.
12:01 of 3rd period - Tyler Seguin wins face-off versus J.T. Miller in Flyers zone.
13:46 of 3rd period - Nathan Beaulieu is hit by Cam Fowler and loses puck.
13:58 of 3rd period - Penalty to Matt Smaby is over, Matt Smaby is back on ice.
14:10 of 3rd period - Icing by Jeff Woywitka.
14:11 of 3rd period - Tim Connolly wins face-off versus Jeff Carter in Flyers zone.
14:14 of 3rd period - Snap shot by Tyler Kennedy.
14:14 of 3rd period - Stopped by Ilya Sorokin without a rebound.
14:15 of 3rd period - Travis Zajac wins face-off versus Tim Connolly in Flyers zone.
14:30 of 3rd period - Snap shot by Tyler Kennedy.
14:30 of 3rd period - Shot Misses the Net.
14:49 of 3rd period - Minor Penalty to Tyler Kennedy for Holding.
14:50 of 3rd period - Tyler Seguin wins face-off versus Jordan Nolan in Blue Jackets zone.
14:58 of 3rd period - Off-side.
14:59 of 3rd period - Tyler Seguin wins face-off versus Jordan Nolan in neutral zone.
15:04 of 3rd period - Snap shot by Tyler Seguin.
15:04 of 3rd period - Stopped by Ilya Sorokin without a rebound.
15:05 of 3rd period - J.T. Miller wins face-off versus Tyler Seguin in Flyers zone.
16:28 of 3rd period - Brandon Bollig is hit by Matt Smaby and loses puck.
16:49 of 3rd period - Penalty to Tyler Kennedy is over, Tyler Kennedy is back on ice.
17:50 of 3rd period - Ryan Wilson is hit by J.T. Miller and loses puck.
18:03 of 3rd period - Shea Theodore is hit by Jeff Carter and loses puck.
18:12 of 3rd period - Brian Lashoff is hit by Shea Theodore and loses puck.
19:14 of 3rd period - Rob Scuderi is hit by Jacob Trouba.
19:47 of 3rd period - Slapshot by Devin Setoguchi.
19:47 of 3rd period - Stopped by Ilya Sorokin with a rebound.
Goals for this period are 2 for Flyers vs 0 for Blue Jackets.
Shots for this period are 15 for Flyers vs 7 for Blue Jackets.
Overtime #1
0:01 of 1st overtime period - Tyler Seguin wins face-off versus J.T. Miller in neutral zone.
0:14 of 1st overtime period - Wrist shot by Tyler Seguin.
0:14 of 1st overtime period - Goal by Tyler Seguin - Flyers : 2 - Blue Jackets : 3.
Goals for this period are 0 for Flyers vs 1 for Blue Jackets.
Shots for this period are 0 for Flyers vs 1 for Blue Jackets.